 Dungeon Crawl Stone Soup version 0.28-a0-1213-g0243856f03 (webtiles) character file.

Game seed: 6565234805597138573

60 frimble the Grasshopper (level 3, -4/27 HPs)
             Began as a Demonspawn Warper on Dec 22, 2021.
             Slain by a gnoll (6 damage)
             ... on level 3 of the Dungeon.
             The game lasted 00:02:24 (2311 turns).

frimble the Grasshopper (Demonspawn Warper)         Turns: 2311, Time: 00:02:25

Health: -4/27      AC:  3    Str: 11    XL:     3   Next: 82%
Magic:  3/6        EV: 12    Int: 16    God:
Gold:   66         SH:  0    Dex: 12    Spells: 4/6 levels left

rFire   . . .      SeeInvis .     - Unarmed
rCold   . . .      Faith    .   (no shield)
rNeg    . . .      Spirit   .   b - +0 leather armour
rPois   .          Reflect  .   (no helmet)
rElec   .          Harm     .   (no cloak)
rCorr   .          Rampage  .   (no gloves)
Will    .....                   (no boots)
Stlth   +.........              (no amulet)
HPRegen 0.09/turn               j - ring of wizardry
MPRegen 0.10/turn               (no ring)

@: attractive, on blink cooldown, hasted, very quick
A: claws 1, powered by death 1
a: no special abilities


You were on level 3 of the Dungeon.
You visited 1 branch of the dungeon, and saw 3 of its levels.

You collected 66 gold pieces.

Inventory:

Missiles
 d - 5 boomerangs of dispersal (quivered)
Armour
 b - a +0 leather armour (worn)
Jewellery
 j - a ring of wizardry (left claw)
Scrolls
 e - a scroll of summoning {unknown}
 g - a scroll of amnesia {unknown}
 i - 3 scrolls of identify {unknown}
 k - a scroll of teleportation {unknown}
Potions
 f - a potion of attraction


   Skills:
 - Level 2.1 Fighting
 - Level 2.4 Long Blades
 - Level 1.0 Throwing
 - Level 1.0 Armour
 - Level 2.4 Dodging
 + Level 1.7 Unarmed Combat
 - Level 2.1 Spellcasting
 - Level 2.7 Translocations


You had 4 spell levels left.
You knew the following spells:

 Your Spells              Type           Power      Damage    Failure   Level
a - Blink                 Tloc           20%        N/A       5%          2

Your spell library contained the following spells:

 Spells                   Type           Power      Damage    Failure   Level
 Gell's Gravitas          Tloc           10%        N/A       11%         3
 Lesser Beckoning         Tloc           10%        N/A       11%         3
 Teleport Other           Tloc           10%        N/A       11%         3
 Summon Guardian Golem    Hex/Summ       1%         N/A       32%         3
 Manifold Assault         Tloc           10%        N/A       65%         5
 Orb of Destruction       Conj           0%         N/A       100%        7
 Spellforged Servitor     Conj/Summ      0%         N/A       100%        7


Dungeon Overview and Level Annotations

Branches:
Dungeon (3/15)

Altars:


Innate Abilities, Weirdness & Mutations

You have sharp fingernails.
You regenerate a little health from kills.


Message History

It was a potion of haste.
You feel yourself speed up. The ogre is attracted toward you.
Blink to where?
Press: ? - help, Dir - move target Really blink into that dispersal trap?
Okay, then.
Blink to where?
Press: ? - help, Dir - move target, f - you
Okay, then.
Unknown command.
Unknown command.
Blink to where?
Press: ? - help, Dir - move target A ball python comes into view.
As you read the scroll of blinking, it crumbles to dust.
The ogre is attracted toward you.
The ball python is attracted toward you.
The ogre is attracted toward you.
Casting: Blink (safe; 5% risk of failure)
Confirm with . or Enter, or press ? or * to list all spells.
You blink. 2 gnolls come into view.
A gnoll is wielding a +1 whip of venom.
Found 15 gold pieces and a ring mail.
The gnoll shouts!
The ball python hisses angrily.
The ball python is attracted toward you.
The ogre is attracted toward you. The gnoll is attracted toward you. x2
Okay, then.
Unknown command.
The gnoll completely misses you. The gnoll is attracted toward you.
The ogre is attracted toward you. The gnoll hits you but does no damage.
The gnoll is attracted toward you.
The gnoll barely misses you. x2; The ogre is attracted toward you. 2 gnolls come into view.
The gnoll shouts! x2
The gnoll is attracted toward you. x3
The gnoll is attracted toward you. x2; The ogre is attracted toward you.
The gnoll is attracted toward you. x2
The gnoll barely misses you. The gnoll hits you with a +0 spear.
You die...

...... ....# ..
#[#.#### .# ### #
......# .#...
#.###.....####.#.##
#.........#.......#
#.......$......+
#####.....g......§.#
####.......§§SO.@...§.#
..§...###...§§g.gg§...#
..^...# ######........#
......# #........#
......# #....#####
......# ###### ...†..#
############### ......#
#.............#
..§...###.............#


You could see an ogre, 4 gnolls and a ball python.

Vanquished Creatures
  An adder (D:2)
  A dart slug (D:1)
  3 bats (D:1)
  3 endoplasms (D:1)
  3 giant cockroaches
  5 goblins
  6 hobgoblins
  5 quokkas (D:1)
  6 ball pythons
  4 frilled lizards
  5 kobolds
  2 rats
44 creatures vanquished.

Notes
Turn   | Place    | Note
-------+----------+-------------------------------------------
     0 | D:1      | frimble the Demonspawn Warper began the quest for the Orb.
     0 | D:1      | Reached XP level 1. HP: 16/16 MP: 3/3
    88 | D:1      | Reached skill level 1 in Throwing
    88 | D:1      | Reached skill level 1 in Armour
   426 | D:1      | Gained mutation: You regenerate a little health from kills.
                  | [demonic ancestry]
   426 | D:1      | Reached XP level 2. HP: 21/22 MP: 5/5
  1237 | D:1      | Gained mutation: You have sharp fingernails. [demonic
                  | ancestry]
  1237 | D:1      | Reached XP level 3. HP: 22/27 MP: 6/6
  1757 | D:2      | Learned a level 2 spell: Blink
  1825 | D:2      | Reached skill level 1 in Unarmed Combat
  2281 | D:3      | Noticed an ogre
  2294 | D:3      | HP: 1/27 [ogre (14)]
  2311 | D:3      | Slain by a gnoll

Illustrated notes

Levels and vault maps discovered:
D:1:      matt_arrival_spirals, layout_basic, serial_forest,
          infiniplex_forest_lined_room_2, infiniplex_forest_corner_1,
          infiniplex_forest_lined_ring, infiniplex_forest_clump_diagonal,
          infiniplex_forest_lined_corner, infiniplex_forest_lined_2,
          infiniplex_forest_zigzag_1, hex_large, hex_medium
D:2:      layout_basic
D:3:      layout_basic, dreamdust_ecumenical_altar_grove

Skill      XL: |  1  2  3 |
---------------+----------+-----
Throwing       | 1 |  1.0
Armour         | 1 |  1.0
Long Blades    | 2 |  2.4
Dodging        | 2 |  2.4
Unarmed Combat | 1 |  1.7
Fighting       | |  2.1
Spellcasting   | |  2.1
Translocations | |  2.7

Action                   || total
-------------------------++-------
Melee: Falchion          ||   134
       Unarmed           ||    14
       Punch             ||     1
 Cast: Blink             ||     2
  Use: Potion            ||     2
       Scroll            ||     1
Armor: Leather armour    ||    60
Dodge: Dodged            ||   111

Table legend: (Time is in decaauts)
 A = Elapsed time spent in this place.
 B = Non-inter-level travel time spent in this place.
 C = Inter-level travel time spent in this place.
 D = Time resting spent in this place.
 E = Time spent auto-exploring this place.
 F = Levels seen in this place.
 G = Mean time per level.
                   A        B        C        D        E       F      G
               +--------+--------+--------+--------+--------+-----+--------+
         Total |   2332 |   2286 |     46 |      0 |   1923 |   3 |  777.3 |
       Dungeon |   2332 |   2286 |     46 |      0 |   1923 |   3 |  777.3 |
               +--------+--------+--------+--------+--------+-----+--------+

Top non-repeatable levels by time:
     D:1: 1584 daAuts
     D:2: 662 daAuts
     D:3: 85 daAuts
